 Dungeon Crawl Stone Soup version 0.21-a0-404-g291f19a (webtiles) character file.

11587 tof the Carver (level 11, -1/99 HPs)
             Began as a Minotaur Berserker on Oct 29, 2017.
             Was a High Priest of Trog.
             Slain by a skeletal warrior
             ... wielding a +0 flail
             ... led by a skeletal warrior
              (10 damage)
             ... on level 11 of the Dungeon.
             The game lasted 00:36:11 (11712 turns).

tof the Carver (Minotaur Berserker)                Turns: 11712, Time: 00:36:12

Health: -1/99      AC: 19    Str: 25    XL:     11   Next: 51%
Magic:  10/10      EV: 14    Int:  6    God:    Trog [*****.]
Gold:   247        SH:  0    Dex: 14    Spells: 10/10 levels left

rFire    + . .     SeeInvis .   Q - +4 long sword (protect)
rCold    . . .     Gourm    .   (no shield)
rNeg     . . .     Faith    .   I - +3 chain mail {rF+}
rPois    .         Spirit   .   (helmet restricted)
rElec    .         Reflect  .   u - +2 cloak {+Inv}
rCorr    .         Harm     .   (no gloves)
MR       +....                  (no boots)
Stlth    ..........             (no amulet)
HPRegen  0.26/turn              K - ring of stealth
MPRegen  0.12/turn              C - ring of protection from magic

@: about to teleport, berserk cooldown, slowed, heavily drained, very slow
A: retaliatory headbutt, beak, horns 2, repulsion field 1, molten scales 1, thin
skeletal structure 1, agile 1, clever 1, screaming 1
a: Berserk, Trog's Hand, Brothers in Arms, Burn Spellbooks, Renounce Religion,
Evoke Invisibility


You were on level 11 of the Dungeon.
You worshipped Trog.
Trog was extremely pleased with you.
You were not hungry.

You visited 1 branch of the dungeon, and saw 11 of its levels.

You collected 443 gold pieces.
You spent 196 gold pieces at shops.

Inventory:

Hand Weapons
 b - a +0 blowgun
 F - a +4 great sword of freezing
 L - a cursed +1 falchion
 M - a +4 long sword
 Q - a +4 long sword of protection (weapon)
Missiles
 w - 29 poisoned needles
 z - 11 javelins
 A - 8 needles of sleeping
 D - 4 silver javelins
 N - 3 javelins of returning
 P - 6 poisoned javelins (quivered)
Armour
 u - a +2 cloak of invisibility (worn)
 y - a +4 scale mail
 I - a +3 chain mail of fire resistance (worn)
Jewellery
 m - a +4 ring of dexterity
 C - a ring of protection from magic (right hand)
 K - a ring of stealth (left hand)
Wands
 s - a wand of clouds (4/9)
 x - a wand of scattershot (5/9)
Scrolls
 a - 2 scrolls of immolation {unknown}
 e - 3 scrolls of fear
 f - 2 scrolls of magic mapping
 i - 2 scrolls of enchant weapon
 k - 3 scrolls of recharging
 l - 2 scrolls of teleportation
 n - 2 scrolls of remove curse
 t - a scroll of enchant armour
 H - a scroll of blinking
Potions
 d - 4 potions of haste
 h - 9 potions of curing
 o - a potion of magic
 p - a potion of might
 r - a potion of flight
 B - a potion of invisibility
 E - 3 potions of ambrosia
 G - 3 potions of heal wounds {unknown}
 J - a potion of lignification {unknown}
 O - a potion of brilliance {unknown}
 S - a potion of degeneration {unknown}
Books
 v - a book of Changes

   Spells                             Type                      Level
   a - Beastly Appendage              Transmutation                1
   b - Sticks to Snakes               Transmutation                2
   c - Spider Form                    Transmutation/Poison         3
   d - Ice Form                       Ice/Transmutation            4
   e - Blade Hands                    Transmutation                5
   Trog disapproves of the use of such an item.
Comestibles
 c - 5 bread rations
 g - 3 meat rations
 j - 14 royal jellies
 q - 13 fruits


   Skills:
 + Level 9.7(8.0) Fighting
 * Level 12.9(11.0) Long Blades
 + Level 7.4(5.8) Throwing
 + Level 9.3(7.6) Armour
 + Level 8.5(6.8) Dodging


You had 10 spell levels left.
You didn't know any spells.

Dungeon Overview and Level Annotations

Branches:
Dungeon (11/15)            Temple (0/1) D:7            Lair (0/6) D:11
    Orc: D:9-12

Altars:
Ashenzari
Cheibriados
Dithmenos
Elyvilon
Fedhas
Hepliaklqana
Kikubaaqudgha
Makhleb
Nemelex Xobeh
Qazlal
Uskayaw
Vehumet
Wu Jian
Xom
The Shining One

Shops:
D:6 !


Innate Abilities, Weirdness & Mutations

You reflexively headbutt those who attack you in melee.
You have a pair of horns on your head.
You have a beak for a mouth.
You are surrounded by a mild repulsion field. (EV +2)
You are partially covered in molten scales. (AC +2)
You have a somewhat thin skeletal structure. (Dex +2, Stealth)
You are agile. (Dex +2)
Your mind is acute. (Int +2)
You occasionally shout uncontrollably at your foes.


Message History

You feel strangely unstable.
The orc warrior hits you but does no damage.
You feel drained. The orc barely misses you. You furiously retaliate!
You headbutt the orc.
The skeletal warrior hits you but does no damage.
The skeletal warrior hits you with a flail.
The skeletal warrior hits you but does no damage.
The orc warrior closely misses you. You furiously retaliate!
You headbutt the orc warrior! The orc closely misses you.
You furiously retaliate!
You headbutt the orc!
You kill the orc!
Trog accepts your kill. The skeletal warrior barely misses you.
You furiously retaliate!
You headbutt the skeletal warrior, but do no damage.
The skeletal warrior hits you from afar with a glaive!
* * * LOW HITPOINT WARNING * * *
The skeletal warrior hits you with a long sword!!
* * * LOW HITPOINT WARNING * * *
The skeletal warrior hits you with a flail!
You die...

#....รท.......................
#....o[......................
#....o.......................
#.....####............(.......
........ #....................
.........#.....o..............
P..........(zo)...............
[..>. .......zz...............
.......@...#######..####
...#.......# ..# # ..
#.......# >.# # #
#......%#######..####
.......................
.......................
#####..#########..###### #..
#..# #.. #..#


You could see 3 skeletal warriors, an orc warrior and an orc wizard.

Vanquished Creatures
  2 two-headed ogres
  Urug (D:10)
  A skeletal warrior (D:11)
  An ugly thing (D:11)
  The ghost of tof the Slasher, an amateur MiBe of Trog (D:4)
  3 trolls
  A hornet (D:11)
  A queen bee (D:10)
  2 hippogriffs
  4 yaks (D:9)
  A steam dragon (D:10)
  A warg (D:11)
  Menkaure (D:4)
  A soldier ant (D:11)
  3 ice beasts
  3 orc warriors
  2 sky beasts (D:7)
  2 phantoms (D:8)
  3 centaurs
  4 ogres
  A crocodile (D:10)
  A big kobold (D:10)
  7 bullfrogs
  A wyvern zombie (D:7)
  4 scorpions
  25 killer bees
  9 wights
  A howler monkey (D:4)
  5 crimson imps
  A quasit (D:9)
  2 centaur zombies
  A bullfrog zombie (D:11)
  4 hounds
  2 jellies
  4 orc priests
  2 gnoll shamans
  7 orc wizards
  3 bullfrog skeletons
  Terence (D:3)
  7 iguanas
  8 worker ants
  A killer bee zombie (D:8)
  A hound zombie (D:8)
  A hound skeleton (D:6)
  A howler monkey zombie (D:10)
  A howler monkey skeleton (D:5)
  20 gnolls
  13 adders
  3 shadow imps
  A white imp (D:8)
  An ooze (D:1)
  An adder skeleton (D:9)
  3 worms (D:2)
  5 dart slugs
  5 leopard geckos
  33 orcs
  10 bats
  3 giant cockroaches
  9 goblins
  15 hobgoblins
  11 jackals
  6 quokkas
  2 ball pythons
  5 frilled lizards
  A goblin skeleton (D:8)
  A hobgoblin zombie (D:8)
  19 kobolds
  A kobold skeleton (D:8)
  2 kobold zombies (D:8)
  2 orc zombies (D:8)
  11 rats
322 creatures vanquished.

Vanquished Creatures (collateral kills)
  A warg (D:11)
1 creature vanquished.

Grand Total: 323 creatures vanquished

Notes
Turn   | Place    | Note
-------+----------+-------------------------------------------
     0 | D:1      | tof the Minotaur Berserker began the quest for the Orb.
     0 | D:1      | Reached XP level 1. HP: 19/19 MP: 0/0
   153 | D:1      | Reached XP level 2. HP: 26/27 MP: 1/1
   192 | D:1      | Reached skill level 4 in Long Blades
   833 | D:1      | Reached XP level 3. HP: 21/33 MP: 2/2
  1247 | D:1      | Reached ** piety under Trog
  1440 | D:2      | Reached skill level 1 in Throwing
  1531 | D:2      | Found a hazy altar of Hepliaklqana.
  1774 | D:2      | Reached XP level 4. HP: 40/40 MP: 3/3
  2338 | D:2      | Found a stormy altar of Qazlal.
  2401 | D:2      | Reached XP level 5. HP: 45/47 MP: 4/4
  2666 | D:3      | Reached skill level 5 in Long Blades
  2836 | D:3      | Found a radiant altar of Vehumet.
  2866 | D:3      | Reached *** piety under Trog
  3179 | D:3      | Noticed Terence
  3187 | D:3      | Killed Terence
  3347 | D:3      | Found a blossoming altar of Fedhas.
  3499 | D:3      | Found a snail-covered altar of Cheibriados.
  3596 | D:4      | Noticed Menkaure
  3600 | D:4      | Killed Menkaure
  3600 | D:4      | Reached XP level 6. HP: 34/55 MP: 5/5
  3722 | D:4      | Noticed tof's ghost (amateur MiBe)
  3765 | D:4      | Killed tof's ghost
  3765 | D:4      | Reached skill level 5 in Fighting
  3765 | D:4      | Reached skill level 6 in Long Blades
  3765 | D:4      | Reached XP level 7. HP: 61/61 MP: 6/6
  3921 | D:4      | Reached skill level 7 in Long Blades
  4030 | D:4      | Received a gift from Trog
  4323 | D:4      | Found a white marble altar of Elyvilon.
  4516 | D:4      | Found a shimmering altar of Xom.
  4741 | D:5      | Entered Level 5 of the Dungeon
  4823 | D:5      | Found a sparkling altar of Nemelex Xobeh.
  4911 | D:5      | Reached skill level 5 in Armour
  5021 | D:5      | Reached **** piety under Trog
  5028 | D:5      | Reached XP level 8. HP: 70/70 MP: 7/7
  5036 | D:5      | Found a burning altar of Makhleb.
  5170 | D:5      | Received a gift from Trog
  5288 | D:5      | Found an ornate altar of the Wu Jian Council.
  5885 | D:6      | Reached skill level 8 in Long Blades
  5945 | D:6      | Reached skill level 5 in Dodging
  6138 | D:6      | Found Wotrifot's Distillery.
  6141 | D:6      | Bought a potion of flight for 42 gold pieces
  6141 | D:6      | Bought a potion of mutation for 112 gold pieces
  6141 | D:6      | Bought a potion of curing for 42 gold pieces
  6141 | D:6      | Gained mutation: You occasionally shout uncontrollably at your foes. [potion of mutation]
  6141 | D:6      | Gained mutation: Your spells are a little easier to cast, but a little less powerful. [potion of mutation]
  6141 | D:6      | Gained mutation: You are clumsy. (Dex -2) [potion of mutation]
  6141 | D:6      | Gained mutation: You have a somewhat thin skeletal structure. (Dex +2, Stealth) [potion of mutation]
  6351 | D:6      | Found a hide-covered altar of Uskayaw.
  6351 | D:6      | Noticed a hand axe
  6352 | D:6      | Noticed a hand axe
  6554 | D:7      | Lost mutation: Your spells are a little easier to cast, but a little less powerful. [mutagenic meat]
  6555 | D:7      | Gained mutation: You are partially covered in molten scales. (AC +2) [mutagenic meat]
  6556 | D:7      | Gained mutation: You are surrounded by a mild repulsion field. (EV +2) [mutagenic meat]
  6557 | D:7      | Gained mutation: Your mind is acute. (Int +2) [mutagenic meat]
  6566 | D:7      | Found a shadowy altar of Dithmenos.
  6602 | D:7      | Reached skill level 9 in Long Blades
  6602 | D:7      | Reached XP level 9. HP: 33/78 MP: 8/8
  6879 | D:7      | Found a staircase to the Ecumenical Temple.
  7233 | D:7      | Found an ancient bone altar of Kikubaaqudgha.
  7346 | D:7      | Gained mutation: Your mind is very acute. (Int +4) [mutagenic meat]
  7348 | D:7      | Lost mutation: You are clumsy. (Dex -2) [mutagenic meat]
  7541 | D:8      | Found a shattered altar of Ashenzari.
  7572 | D:8      | Found a glowing golden altar of the Shining One.
  7625 | D:8      | Received a gift from Trog
  7650 | D:8      | Reached skill level 5 in Throwing
  7650 | D:8      | Reached ***** piety under Trog
  7756 | D:8      | Reached skill level 10 in Long Blades
  8348 | D:9      | Noticed a troll
  8357 | D:9      | Killed a troll
  8357 | D:9      | Received a gift from Trog
  8357 | D:9      | Reached XP level 10. HP: 52/88 MP: 9/9
  8672 | D:9      | Noticed a two-headed ogre
  8678 | D:9      | Killed a two-headed ogre
  8683 | D:9      | Reached skill level 11 in Long Blades
  8891 | D:9      | Received a gift from Trog
  9108 | D:10     | Entered Level 10 of the Dungeon
  9110 | D:10     | Noticed Urug
  9122 | D:10     | Killed Urug
  9385 | D:10     | Received a gift from Trog
  9672 | D:10     | Reached skill level 12 in Long Blades
  9869 | D:10     | Reached XP level 11. HP: 92/97 MP: 10/10
 10800 | D:11     | Found a burning altar of Makhleb.
 10851 | D:11     | Noticed a cyan ugly thing
 10859 | D:11     | Killed a cyan ugly thing
 10863 | D:11     | Lost mutation: Your mind is very acute. (Int +4) [mutagenic meat]
 10864 | D:11     | Gained mutation: You are agile. (Dex +2) [mutagenic meat]
 10865 | D:11     | Gained mutation: You have a beak for a mouth. [mutagenic meat]
 11153 | D:11     | Noticed a two-headed ogre
 11195 | D:10     | Killed a two-headed ogre
 11244 | D:11     | Noticed a skeletal warrior
 11248 | D:11     | Noticed a skeletal warrior
 11255 | D:11     | Killed a skeletal warrior
 11257 | D:11     | Noticed a skeletal warrior
 11259 | D:11     | Noticed a skeletal warrior
 11261 | D:11     | Found a staircase to the Lair.
 11712 | D:11     | Slain by a skeletal warrior

Vault maps used:
D:1:      enne_arrival_octagon_isle
D:2:      nicolae_qazlal_general_emergency, marbit_many_paths
D:3:      vehumet_crystals, kennysheep_slug_shrine, lemuel_round_altar,
          first_bread, uniq_terence
D:4:      elyvilon_altar_5, kennysheep_little_box, uniq_menkaure
D:5:      makhleb_heckhound_becter, lemuel_coloured_pillars_altar, basic_altar
D:6:      dancing_weapons_uskayaw, serial_shops, nicolae_shop_behind_doors,
          st_stairs_14
D:7:      lemuel_crystal_altar, minmay_temple_entry_trees, grunt_dithmenos_smoke
D:8:      nicolae_tso_besieged_by_evil, ashenzari_altar_1
D:10:     david_nohive_1, uniq_urug
D:11:     erik_lair_orcish_takeover, david_orc_4, basic_altar,
          minmay_misc_feat_plants, minmay_misc_feat_tiny,
          hangedman_abyss_or_decor_clamps

Skill      XL: |  1  2  3  4  5  6  7  8  9 10 11 |
---------------+----------------------------------+-----
Long Blades    | 4 5 6 7 9 10 12 | 12.9
Fighting       | 4 5 6 7 9 |  9.7
Throwing       | 1 2 3 4 5 6 7 |  7.4
Armour         | 3 4 5 6 7 8 9 |  9.3
Dodging        | 3 4 5 6 7 8 |  8.5

Action                   |  1- 3 |  4- 6 |  7- 9 | 10-12 || total
-------------------------+-------+-------+-------+-------++-------
Melee: Falchion          |    24 |    29 |       |       ||    53
       Headbutt          |    20 |    34 |    80 |    63 ||   197
       Dagger            |    96 |       |       |       ||    96
       Short sword       |       |    91 |   252 |       ||   343
       Great sword       |       |       |    24 |    51 ||    75
       Long sword        |       |       |       |   166 ||   166
       Peck              |       |       |       |     9 ||     9
 Fire: Blowgun           |       |     4 |       |       ||     4
Throw: Tomahawk          |       |       |    32 |       ||    32
       Javelin           |       |       |    58 |    45 ||   103
Invok: Berserk           |       |     2 |     2 |     3 ||     7
       Trog's Hand       |       |     2 |       |     1 ||     3
       Brothers in Arms  |       |       |       |     1 ||     1
Evoke: Wand              |       |       |       |     1 ||     1
  Use: Scroll            |     1 |       |    12 |     3 ||    16
       Potion            |       |     2 |     1 |       ||     3
  Eat: Chunk             |     3 |     7 |    22 |    15 ||    47
       Bread ration      |       |       |     1 |     1 ||     2
Armor: Animal skin       |    29 |       |       |       ||    29
       Ring mail         |    14 |    46 |       |       ||    60
       Chain mail        |       |    10 |    83 |   106 ||   199
       Scale mail        |       |       |    32 |    12 ||    44
       Plate armour      |       |       |    15 |       ||    15
Dodge: Dodged            |    86 |   105 |   148 |   202 ||   541
       Rpst.: Falchion   |     3 |     9 |       |       ||    12
       Great sword       |       |       |     3 |     9 ||    12
       Long sword        |       |       |       |    42 ||    42

Table legend:
 A = Spawn XP
 B = Non-spawn XP
 C = Spawn XP percentage of total XP
 D = Spawn monster count
 E = Non-spawn monster count
 F = Spawn count percentage of total count
 G = Total turns spent on level
                    A         B        C        D         E        F      G
               +---------+---------+-------+---------+---------+-------+---------
         Total |       0 |   16554 |   0.0 |       0 |     323 |   0.0 | 11712
               +---------+---------+-------+---------+---------+-------+---------
           D:1 |       0 |      52 |   0.0 |       0 |      24 |   0.0 |  1396
           D:2 |       0 |     189 |   0.0 |       0 |      38 |   0.0 |  1343
           D:3 |       0 |     124 |   0.0 |       0 |      36 |   0.0 |   859
           D:4 |       0 |     920 |   0.0 |       0 |      19 |   0.0 |  1143
           D:5 |       0 |     217 |   0.0 |       0 |      15 |   0.0 |   791
           D:6 |       0 |     835 |   0.0 |       0 |      25 |   0.0 |  1003
           D:7 |       0 |    1133 |   0.0 |       0 |      26 |   0.0 |   994
           D:8 |       0 |    1676 |   0.0 |       0 |      35 |   0.0 |   795
           D:9 |       0 |    2626 |   0.0 |       0 |      23 |   0.0 |   955
          D:10 |       0 |    5837 |   0.0 |       0 |      58 |   0.0 |  1715
          D:11 |       0 |    2945 |   0.0 |       0 |      24 |   0.0 |   718
               +---------+---------+-------+---------+---------+-------+---------
